 Dungeon Sprint DCSS version 0.28-a0-381-g937acc2988 (webtiles) character file.

Game seed: 1886875094729530001

10 Ankalagon the Cudgeller (level 2, -1/30 HPs)
             Began as a Tengu Berserker on Sept 1, 2021.
             Was a Believer of Trog.
             Slain by a wyvern (4 damage)
             ... in the Dungeon (Sprint II: "The Violet Keep of Menkaure").
             The game lasted 00:00:21 (193 turns).

Ankalagon the Cudgeller (Tengu Berserker)            Turns: 193, Time: 00:00:21

Health: -1/30      AC:  2    Str: 17    XL:     2   Next: 20%
Magic:  3/3        EV: 13    Int:  7    God:    Trog [**....]
Gold:   243        SH:  0    Dex: 13    Spells: 1/1 levels left

rFire   . . .      SeeInvis .   a - +0 mace
rCold   . . .      Faith    .   (no shield)
rNeg    . . .      Spirit   .   b - +0 animal skin
rPois   .          Reflect  .   (helmet restricted)
rElec   .          Harm     .   (no cloak)
rCorr   .          Rampage  .   (no gloves)
Will    .....      NoTele   +   (boots unavailable)
Stlth   ..........              (no amulet)
HPRegen 0.10/turn               (no ring)
MPRegen 0.08/turn               (no ring)

@: berserking, very quick
A: beak, talons 3
a: Renounce Religion, Berserk, Trog's Hand


You were in the Dungeon.
You worshipped Trog.
Trog was pleased with you.
You visited 1 branch You collected 243 gold pieces.

Inventory:

Hand Weapons
 a - a +0 mace (weapon)
Armour
 b - a +0 animal skin (worn)
Scrolls
 h - a scroll of blinking
Potions
 c - a potion of curing
 d - a potion of heal wounds
 e - a potion of haste
 f - 2 potions of magic
 g - a potion of berserk rage


   Skills:
 + Level 3.8 Fighting
 + Level 4.2 Maces & Flails
 - Level 2.1 Armour
 + Level 3.4 Dodging


You had one spell level left.
You didn't know any spells.
Your spell library was empty.

Dungeon Overview and Level Annotations

Branches:
Dungeon (1/1)

Altars:


Innate Abilities, Weirdness & Mutations

You have a beak for a mouth.
You have claws for feet.


Message History

You thump the worm!
You kill the worm!
Trog accepts your kill.
Your Maces & Flails skill increases to level 4!
Your Dodging skill increases to level 3!
You have reached level 2!
The worm barely misses you.
There is an open door here.
You see here a worm corpse.
You thump the worm! You claw the worm.
You kill the worm!
Trog accepts your kill.
You can now call upon Trog for regeneration and willpower.
Found 243 gold pieces.
You see here a worm corpse.
You feel a strong urge to attack something.
You are no longer berserk.
You are exhausted.
You feel yourself slow down.
You now have 243 gold pieces.
You see here a worm corpse.
There is an open door here.
You see here a worm corpse.
You start resting.
You feel yourself speed up.
You recover from your berserk rage.
You open the door. 2 wyverns come into view.
The wyvern hisses angrily. x2
The wyvern hisses menacingly.
Found 243 gold pieces.
A red film seems to cover your vision as you go berserk!
You feel yourself moving faster!
You feel mighty! The wyvern bites you.
The wyvern hisses menacingly.
You barely miss the wyvern. The wyvern bites you! x2
* * * LOW HITPOINT WARNING * * *
You hit the wyvern. Your kick misses the wyvern.
The wyvern is lightly wounded.
The wyvern bites you.
You die...

## #+#
#.#
##.##.###
+.<.†##.+
##@##†..#
#l###.##
l#. ###
.# #. ##
##


You could see 2 wyverns.

Vanquished Creatures
  3 worms (D)
3 creatures vanquished.

Vanquished Creatures (others)
  A water moccasin (D)
1 creature vanquished.

Grand Total: 4 creatures vanquished

Notes
Turn   | Place    | Note
-------+----------+-------------------------------------------
     0 | D        | Ankalagon the Tengu Berserker began the quest for the Orb.
     0 | D        | Reached XP level 1. HP: 14/14 MP: 2/2
    12 | D        | Reached skill level 4 in Maces & Flails
    12 | D        | Reached XP level 2. HP: 11/20 MP: 3/3
    13 | D        | Reached ** piety under Trog
    39 | D        | Killed a water moccasin
   190 | D        | Noticed a wyvern
   190 | D        | Noticed a wyvern
   193 | D        | Slain by a wyvern

Illustrated notes

Levels and vault maps discovered:
D:        the_violet_keep_of_menkaure [sprint2_stairs_cluster_1,
          sprint2_shoproom, sprint2_temple, sprint2_basic_supplies,
          sprint2_obstacle_6, sprint2_obstacle_2, sprint2_obstacle_1,
          sprint2_obstacle_5, sprint2_obstacle_3, sprint2_timed_cluster_1,
          sprint2_smallroom_cluster_1, sprint2_smallroom_final_cluster_1,
          sprint2_transparent_cluster_1, sprint2_second_timed_cluster_1,
          sprint2_sniper_area_1, sprint2_heavy_combat_area_1,
          sprint2_mutation_trap_area_1, sprint2_forest_area_1,
          sprint2_light_combat_area_1, sprint2_behind_water_1,
          sprint2_near_end_vault_1]

Skill      XL: |  1 |
---------------+----+-----
Maces & Flails | 4 |  4.2
Dodging        | 3 |  3.4
Fighting       | |  3.8
Armour         | |  2.1

Action                   || total
-------------------------++-------
Melee: Mace              ||     8
       Kick              ||     2
       Peck              ||     1
Invok: Berserk           ||     2
Armor: Animal skin       ||     1
Dodge: Dodged            ||     2

Table legend: (Time is in decaauts)
 A = Elapsed time spent in this place.
 B = Non-inter-level travel time spent in this place.
 C = Inter-level travel time spent in this place.
 D = Time resting spent in this place.
 E = Time spent auto-exploring this place.
 F = Levels seen in this place.
 G = Mean time per level.
                   A        B        C        D        E       F      G
               +--------+--------+--------+--------+--------+-----+--------+
         Total |    202 |    202 |      0 |    175 |      0 |   1 |  202.0 |
       Dungeon |    202 |    202 |      0 |    175 |      0 |   1 |  202.0 |
               +--------+--------+--------+--------+--------+-----+--------+

Top non-repeatable levels by time:
       D: 202 daAuts
